 Dungeon Crawl Stone Soup version 0.31-a0-232-gb1c03b2570 (webtiles) character file.

Game seed: 16746734993078389240

58 qw the Shooter (level 4, -6/26 HPs)
             Began as a Gargoyle Hexslinger on July 6, 2023.
             Mangled by a gnoll
             ... wielding a +0 flail
              (9 damage)
             ... on level 2 of the Dungeon.
             The game lasted 00:00:27 (1024 turns).

qw the Shooter (Gargoyle Hexslinger)                Turns: 1024, Time: 00:00:27

Health: -6/26      AC:  5    Str: 12    XL:     4   Next: 2%
Magic:  5/5        EV: 12    Int: 13    God:
Gold:   4          SH:  0    Dex: 14    Spells: 4/5 levels left

rFire   . . .        Y - +1 sling
rCold   . . .        (no shield)
rNeg    + . .        c - +0 robe
rPois   inf          (no helmet)
rElec   +            (no cloak)
rCorr   .            (no gloves)
SInv    .            (no boots)
Will    .....        (no amulet)
Stlth   +            (no ring)
HPRegen 0.24/turn    (no ring)
MPRegen 0.09/turn

%: no passive effects
@: no status effects
A: sickness immunity, AC +3, negative energy resistance 1, electricity
resistance, torment resistance 1, petrification resistance
a: no special abilities


You were on level 2 of the Dungeon.
You visited 1 branch of the dungeon, and saw 2 of its levels.

You collected 4 gold pieces.


Innate Abilities, Weirdness & Mutations

You are immune to sickness and miasma.
Your stone body is resilient. (AC +3)
You are immune to poison.
You resist negative energy. (rN+)
You are resistant to electric shocks. (rElec)
You are resistant to unholy torment.
You are immune to petrification.


   Skills:
 - Level 2.0 Fighting
 + Level 3.8 Ranged Weapons
 - Level 1.5 Dodging
 - Level 1.0 Spellcasting
 - Level 2.6 Hexes


You had 4 spell levels left.
You knew the following spells:

 Your Spells              Type           Power      Damage    Failure   Level
a - Slow                  Hex            28%        N/A       10%         1

Your spell library contained the following spells:

 Spells                   Type           Power      Damage    Failure   Level
 Inner Flame              Hex/Fire       4%         N/A       43%         3
 Portal Projectile        Hex/Tloc       8%         N/A       43%         3
 Cause Fear               Hex            3%         N/A       67%         4

Inventory:

Hand Weapons
 Y - a +1 sling (weapon)
Armour
 b - a +0 leather armour
 c - a +0 robe (worn)
Scrolls
 a - 4 scrolls of identify
 e - a scroll of amnesia {unknown}
Potions
 d - a potion of brilliance {unknown}

Dungeon Overview and Level Annotations

Branches:
Dungeon (2/15)

Altars:


Message History

Enter note:
Enter note:
Enter note:
Enter note:
Enter note:
Enter note: You shoot a sling bullet.
The sling bullet hits the gnoll!
The gnoll is severely wounded.
A nearby plant withers and dies.
The gnoll hits the plant with a +0 quarterstaff!
The plant begins to die.
The gnoll hits the plant with a +0 spear.
The gnoll hits the plant with a +0 quarterstaff.
You shoot a sling bullet.
The sling bullet closely misses the gnoll.
The sling bullet hits the gnoll.
You kill the gnoll!
You have reached level 4!
You feel stronger.
You shoot a sling bullet.
The sling bullet closely misses the gnoll.
The sling bullet hits the plant.
The plant is lightly damaged.
You shoot a sling bullet.
The sling bullet closely misses the gnoll.
The sling bullet hits the plant.
The plant is lightly damaged.
A nearby plant withers and dies.
The gnoll closely misses you.
The gnoll hits you with a +0 quarterstaff.
You shoot a sling bullet.
The sling bullet hits the gnoll but does no damage.
The gnoll hits you with a +0 flail. The gnoll barely misses you.
You shoot a sling bullet. The sling bullet hits the gnoll.
The gnoll is moderately wounded.
The gnoll closely misses you.
The gnoll hits you with a +0 quarterstaff!
The gnoll hits you with a +0 flail. The gnoll barely misses you.
You shoot a sling bullet. The sling bullet hits the gnoll.
The gnoll is almost dead.
The gnoll hits you with a +0 flail!
You die...

#...... #...... #......
#......## #.......#
#.......# ........####
.P.PP.g@.).#
.P..P.g###.# ...P...
#.## .P...). #..#
P.P.).. ##.## ....PP.
#..##
PP.PP.....##..##########
......# #..............#
. #.##.###.......#


You could see 2 gnolls.

Vanquished Creatures
  2 gnolls (D:2)
  4 bats
  An endoplasm (D:1)
  2 giant cockroaches (D:1)
  A goblin (D:1)
  4 hobgoblins
  4 jackals (D:1)
  3 quokkas
  5 ball pythons
  A frilled lizard (D:1)
  5 kobolds
  2 rats (D:1)
34 creatures vanquished.

Notes
Turn   | Place    | Note
-------+----------+-------------------------------------------
     0 | D:1      | qw the Gargoyle Hexslinger began the quest for the Orb.
     0 | D:1      | Reached XP level 1. HP: 12/12 MP: 2/2
     0 | D:1      | 0 ||| qw: Version: 0.3-a-46-gb1f654a
     0 | D:1      | 0 ||| qw: Game counter: 1948
     0 | D:1      | 0 ||| qw: Melee chars always use a shield: true
     0 | D:1      | 0 ||| qw: God list: Okawaru
     0 | D:1      | 0 ||| qw: Allow faded altars: false
     0 | D:1      | 0 ||| qw: Do Orc after clearing Dungeon:15 true
     0 | D:1      | 0 ||| qw: Do second Lair branch before Depths: true
     0 | D:1      | 0 ||| qw: Lair rune preference: random
     0 | D:1      | 0 ||| qw: Goals: Normal
     0 | D:1      | 0 ||| PLANNING D:1-11
   170 | D:1      | Reached XP level 2. HP: 16/16 MP: 3/3
   313 | D:1      | Reached skill level 3 in Ranged Weapons
   495 | D:1      | Reached XP level 3. HP: 21/21 MP: 4/4
   851 | D:1      | 851 ||| READING 4 scrolls labelled WIMONTAHIS.
   852 | D:1      | 852 ||| READING scroll labelled PEV TOFYTEGRU.
   853 | D:1      | 853 ||| READING scroll labelled YXZIKHL VIGUV.
   854 | D:1      | 854 ||| READING scroll labelled GUXANNI ICUKH.
   855 | D:1      | 855 ||| DROPPING scroll of poison.
  1007 | D:2      | 1007 ||| Stepping ~*~*~tactically~*~*~ (outnumbered).
  1020 | D:2      | Reached XP level 4. HP: 26/26 MP: 5/5
  1023 | D:2      | HP: 3/26 [gnoll/+0 flail (6)]
  1024 | D:2      | Mangled by a gnoll

Levels and vault maps discovered:
D:1:      onia_arrival_pyramid, layout_basic, minmay_misc_feat_square
D:2:      layout_rooms, kennysheep_crisscross, chequers_jeans,
          nicolae_grassy_gnolls

Skill      XL: |  1  2 |
---------------+-------+-----
Ranged Weapons | 3 |  3.8
Fighting       | 2 |  2.0
Dodging        | |  1.5
Spellcasting   | |  1.0
Hexes          | |  2.6

Action                     |  1- 3 |  4- 6 || total
---------------------------+-------+-------++-------
   Fire: Sling             |   114 |     5 ||   119
    Use: Scroll            |     4 |       ||     4
 Armour: Robe              |    23 |       ||    23
  Dodge: Dodged            |    61 |     4 ||    65

Table legend:
 A = Non-vault XP
 B = Vault XP
 C = Vault XP percentage of total XP
 D = Non-vault monster count
 E = Vault monster count
 F = Vault count percentage of total count
                 A         B        C        D         E       F
            +---------+---------+-------+---------+---------+-------
      Total |      56 |      28 |  33.3 |      32 |       2 |   5.9
            +---------+---------+-------+---------+---------+-------
        D:1 |      44 |       0 |   0.0 |      26 |       0 |   0.0
        D:2 |      12 |      28 |  70.0 |       6 |       2 |  25.0
            +---------+---------+-------+---------+---------+-------
